 Dungeon Crawl Stone Soup version 0.30-a0-364-gf6b3ef1049 (webtiles) character file.

Game seed: 10570189330147607925

12861 Mialek the Fighter (level 11, -1/111 HPs)
             Began as a Minotaur Fighter on Nov 15, 2022.
             Was a High Priest of Okawaru.
             Killed from afar by a starcursed mass (6 damage)
             ... with an accursed screaming
             ... on level 10 of the Dungeon.
             The game lasted 00:21:07 (10744 turns).

Mialek the Fighter (Minotaur Fighter)              Turns: 10744, Time: 00:21:08

Health: -1/111     AC: 16    Str: 24    XL:     11   Next: 68%
Magic:  14/14      EV: 21    Int:  9    God:    Okawaru [*****.]
Gold:   387        SH:  6    Dex: 11    Spells: 10/10 levels left

rFire   + . .      SeeInvis +    a - +7 war axe
rCold   + . .      Faith    .    c - +0 buckler
rNeg    . . .      Spirit   .    b - +3 scale mail
rPois   +          Reflect  .    x - +0 hat of Ru's Envy {Rampage Int-4 Slay+5 Stlth+}
rElec   +          Harm     .    E - +0 cloak
rCorr   +          Rampage  +    w - +0 pair of gloves
Will    .....                    B - +0 pair of boots "Oxzek" {+Blink Int+8 Slay-3}
Stlth   +.........               (no amulet)
HPRegen 0.38/turn                J - +4 ring of evasion
MPRegen 0.14/turn                o - +4 ring of evasion

@: resistant (expiring)
A: horns 2, retaliatory headbutt, see invisible, mutation resistance 1, robust 1
a: Renounce Religion, Evoke Blink, Heroism, Finesse, Duel


You were on level 10 of the Dungeon.
You worshipped Okawaru.
Okawaru was extremely pleased with you.
You visited 2 branches of the dungeon, and saw 12 of its levels.
You visited the Abyss 1 time.
You also visited: Ossuary.

You collected 1137 gold pieces.
You spent 750 gold pieces at shops.

Inventory:

Hand Weapons
 a - a +7 war axe (weapon)
 p - a +1 war axe of distortion
 r - a +1 broad axe of flaming
 t - the +10 trident of the Thirsty People {pain, *Noise +Blink SInv}
   (You found it on level 7 of the Dungeon)

   In the hands of one skilled in necromantic magic, it inflicts extra damage on
   living creatures.
   SInv:      It lets you see invisible.
   +Blink:    It lets you blink.
   *Noise:    It may make noises in combat.
Missiles
 k - 3 throwing nets (quivered)
Armour
 b - a +3 scale mail (worn)
 c - a +0 buckler (worn)
 w - a +0 pair of gloves (worn)
 x - the +0 hat of Ru's Envy (worn) {Rampage Int-4 Slay+5 Stlth+}
   (You found it on level 8 of the Dungeon)

   Int:       It affects your intelligence (-4).
   Slay:      It affects your accuracy & damage with ranged weapons and melee
   (+5).
   Rampage:   It bestows one free step when moving towards enemies.
   Stlth:     It makes you more stealthy.
 B - the +0 pair of boots "Oxzek" (worn) {+Blink Int+8 Slay-3}
   (You bought it in a shop on level 8 of the Dungeon)

   Int:       It affects your intelligence (+8).
   Slay:      It affects your accuracy & damage with ranged weapons and melee
   (-3).
   +Blink:    It lets you blink.
 C - a +0 pair of boots
 E - a +0 cloak (worn)
Jewellery
 j - a ring of see invisible
 o - a +4 ring of evasion (right hand)
 J - a +4 ring of evasion (left hand)
Wands
 n - a wand of iceblast (16)
 y - a wand of flame (12)
 G - a wand of polymorph (5)
Scrolls
 d - 2 scrolls of fog
 m - 2 scrolls of immolation
 H - a scroll of amnesia
Potions
 e - 5 potions of attraction
 f - a potion of flight
 g - a potion of curing
 h - a potion of resistance
 i - 2 potions of brilliance
 q - a potion of lignification
 u - a potion of mutation
 z - a potion of cancellation
 D - 3 potions of haste
Miscellaneous
 I - a condenser vane


   Skills:
 + Level 10.4 Fighting
 + Level 9.9 Axes
 + Level 10.3 Armour
 + Level 8.7 Dodging
 + Level 10.2 Shields
 + Level 6.1 Invocations


You had 10 spell levels left.
You didn't know any spells.
Your spell library contained the following spells:

 Spells                   Type           Power      Damage    Failure   Level
 Freeze                   Ice            0%         1d3       71%         1
 Sublimation of Blood     Necr           0%         N/A       83%         2
 Wereblood                Tmut           0%         N/A       83%         2
 Frozen Ramparts          Ice            0%         1d1       97%         3
 Gell's Gravitas          Tloc           0%         N/A       97%         3
 Hailstorm                Conj/Ice       0%         3d3       97%         3
 Teleport Other           Tloc           0%         N/A       97%         3
 Dispersal                Tloc           0%         N/A       100%        6
 Summon Hydra             Summ           Unusable   N/A       N/A         7

Dungeon Overview and Level Annotations

Branches:
Dungeon (11/15)            Temple (1/1) D:5         Ossuary (visited)
   Lair: D:8-11         Orc: D:9-12

Altars:
Ashenzari
Cheibriados
Dithmenos
Elyvilon
Fedhas
Gozag
Hepliaklqana
Kikubaaqudgha
Makhleb
Nemelex Xobeh
Okawaru
Qazlal
Ru
Sif Muna
Trog
Uskayaw
Vehumet
Wu Jian
Xom
Yredelemnul
Zin
The Shining One

Shops:
D:1 !*   D:6 :   D:8 *=[!

Portals:
Trove: D:10 (give +3 storm dragon scales)

Annotations:
D:10 1 runed translucent door, Snarbu88's ghost, journeyman TrBe


Innate Abilities, Weirdness & Mutations

You have a pair of horns on your head.
You reflexively headbutt those who attack you in melee.
You have supernaturally acute eyesight. (SInv)
You are somewhat resistant to further mutation.
You are robust. (+10% HP)


Message History

The red very ugly thing stings you!
You are covered in liquid flames.
The wizard gestures wildly while chanting.
The wizard flickers and vanishes for a moment.
The wizard hits you with a +0 dagger. The red very ugly thing stings you!
You are covered in liquid flames.
The starcursed mass shrieks in your mind.
Unknown command.
The red very ugly thing stings you!
* * * LOW HITPOINT WARNING * * *
You are covered in liquid flames.
You are covered in liquid flames!
The wizard hits you but does no damage.
The starcursed mass shrieks in your mind.
* * * LOW HITPOINT WARNING * * *
The red very ugly thing stings you!
* * * LOW HITPOINT WARNING * * *
You are covered in liquid flames.
You are covered in liquid flames!
You block the wizard's attack.
Blink to where?
Press: ? - help, Dir - move target Splash!
You fall into the shallow water.
Moving in this stuff is going to be slow.
As you read the scroll of blinking, it crumbles to dust.
The flames go out!
The starcursed mass shrieks in your mind.
* * * LOW HITPOINT WARNING * * *
Unknown command.
Unknown command.
Blink to where?
Press: ? - help, Dir - move target Splash!
As you read the scroll of blinking, it crumbles to dust.
Unknown command.
You start to feel less resistant.
The starcursed mass shrieks in your mind.
* * * LOW HITPOINT WARNING * * *
The starcursed mass shrieks in your mind.
You die...

.###..# #.#
#...[###~.#
..##..######.#
##..###~.~#
..##.........#
#####...~#
#.##.######.##
##~..~## #....#
#.# #####~~..##
######
#.####~~~....##
#..##.......~#
##..#......~~##
#..'.@....~~⌠#
##.#~.....~~##
######
###~~.....~#
###....#
##~~~~u..##
.......#
#####~~..##
###....#
##~..~## #....#
#####..~~#
#....#
##!$###X~~#
###.##
#?..)###~~#


You could see a starcursed mass and a red very ugly thing.

Vanquished Creatures
  A tentacled starspawn (Abyss:2)
  A wretched star (Abyss:2)
  A glowing orange brain (Abyss:2)
  An orange crystal statue (D:9)
  A wizard (D:10)
  Pikel (D:8)
  A flayed ghost (Abyss:2)
  6 ugly things (D:10)
  Maggie (D:7)
  A gargoyle (D:10)
  An unseen horror (D:9)
  A blink frog (Abyss:2)
  A raiju (Abyss:2)
  A hornet (D:10)
  A ynoxinul (Abyss:2)
  3 yaks (D:10)
  A steam dragon (D:6)
  Grum (D:8)
  2 small abominations (Abyss:2)
  An acid dragon (D:9)
  Edmund (D:4)
  A water moccasin (D:9)
  2 ice beasts
  A sky beast (D:6)
  6 orc warriors
  4 black bears
  2 ogres
  2 wolves (D:8)
  2 centaurs
  A kobold brigand (D:9)
  A lemure (D:8)
  2 bullfrogs (D:8)
  A gnoll sergeant (D:8)
  A necrophage (D:7)
  Blork the orc (D:8)
  2 elf skeletons (D:7)
  A scorpion (D:4)
  5 wights (D:8)
  A howler monkey (D:6)
  4 crimson imps (D:4)
  3 hounds
  4 jellies
  2 gnoll boudas
  2 orc priests
  A human skeleton (D:7)
  Ijyb (D:3)
  2 iguanas (D:6)
  8 orc wizards
  A hound skeleton (D:7)
  8 mummies (Ossuary)
  Robin (D:4)
  8 gnolls
  9 adders
  3 white imps
  2 ufetubi
  3 worms
  2 dart slugs (D:1)
  35 orcs
  12 ball pythons
  8 bats
  12 endoplasms
  2 giant cockroaches (D:3)
  17 goblins
  9 hobgoblins
  9 jackals
  4 quokkas
  4 frilled lizards
  2 gnoll zombies (Ossuary)
  2 hobgoblin zombies (Ossuary)
  11 kobolds
  2 kobold zombies (Ossuary)
  An orc skeleton (D:7)
  4 orc zombies
  6 rats
269 creatures vanquished.

Vanquished Creatures (others)
  10 starspawn tentacles (Abyss:2)
  2 withered plants (D:10)
12 creatures vanquished.

Grand Total: 281 creatures vanquished

Notes
Turn   | Place    | Note
-------+----------+-------------------------------------------
     0 | D:1      | Mialek the Minotaur Fighter began the quest for the Orb.
     0 | D:1      | Reached XP level 1. HP: 19/19 MP: 0/0
    47 | D:1      | Found Leanu's General Store.
    98 | D:1      | Reached XP level 2. HP: 27/27 MP: 1/1
   120 | D:1      | Found Gojil's Book Emporium.
   168 | D:1      | Reached skill level 1 in Dodging
   213 | D:1      | Found Pamenoh's Distillery.
   355 | D:1      | Reached XP level 3. HP: 30/33 MP: 2/2
   755 | D:1      | Bought a potion of curing for 42 gold pieces
   986 | D:2      | Found a white marble altar of Elyvilon.
   990 | D:2      | Reached XP level 4. HP: 40/40 MP: 3/3
  1339 | D:1      | Bought a scroll of identify for 28 gold pieces
  1339 | D:1      | Bought a scroll of identify for 28 gold pieces
  1912 | D:3      | Noticed Ijyb
  1918 | D:3      | Killed Ijyb
  1919 | D:3      | Reached XP level 5. HP: 19/47 MP: 4/4
  2394 | D:4      | Found a shimmering altar of Xom.
  2403 | D:4      | Reached XP level 6. HP: 24/55 MP: 5/5
  2404 | D:4      | Reached skill level 5 in Fighting
  2404 | D:4      | Reached skill level 5 in Armour
  2417 | D:4      | Reached skill level 5 in Shields
  2583 | D:4      | Noticed Edmund
  2599 | D:4      | Killed Edmund
  2758 | D:4      | Noticed Robin
  2769 | D:4      | Killed Robin
  2770 | D:4      | Reached XP level 7. HP: 49/57 MP: 6/6
  3622 | D:1      | Bought a potion of flight for 42 gold pieces
  3622 | D:1      | Bought a potion of curing for 42 gold pieces
  3739 | D:5      | Entered Level 5 of the Dungeon
  3822 | D:5      | Reached skill level 5 in Axes
  4134 | D:5      | Found a staircase to the Ecumenical Temple.
  4144 | Temple   | Entered the Ecumenical Temple
  4153 | Temple   | Became a worshipper of Warmaster Okawaru
  4210 | D:5      | Reached XP level 8. HP: 65/70 MP: 7/7
  4862 | D:6      | Found Ucziups's Tremendous Tomes.
  4962 | D:6      | Reached * piety under Okawaru
  5040 | D:6      | Gained mutation: You have supernaturally acute eyesight.
                  | (SInv) [potion of mutation]
  5040 | D:6      | Gained mutation: You are robust. (+10% HP) [potion of
                  | mutation]
  5040 | D:6      | Gained mutation: You are somewhat resistant to further
                  | mutation. [potion of mutation]
  5086 | D:6      | Reached skill level 5 in Dodging
  5568 | D:7      | Noticed Maggie
  5578 | D:7      | Killed Maggie
  5579 | D:7      | Reached skill level 1 in Invocations
  5579 | D:7      | Reached XP level 9. HP: 86/86 MP: 8/8
  5608 | D:7      | Identified the +10 trident of the Thirsty People {pain,
                  | *Noise +Blink SInv}
  5663 | D:7      | Found a sand-covered staircase.
  5705 | Ossuary  | Entered an ossuary
  5760 | Ossuary  | Reached ** piety under Okawaru
  6123 | D:7      | Found a burning altar of Makhleb.
  6220 | D:8      | Identified the +0 hat of Ru's Envy {Rampage Int-4 Slay+5
                  | Stlth+}
  6358 | D:8      | Noticed Grum
  6365 | D:8      | Found Qozisoekh's Antique Armour Emporium.
  6372 | D:8      | Killed Grum
  6388 | D:8      | Bought a pair of masterwork boots for 294 gold pieces
  6388 | D:8      | Identified the +0 pair of boots "Oxzek" {+Blink Int+8
                  | Slay-3} (You bought it in a shop on level 8 of the Dungeon)
  6594 | D:8      | Found Pucam's Distillery.
  6602 | D:8      | Noticed Blork the orc
  6615 | D:8      | Killed Blork the orc
  6618 | D:8      | Reached *** piety under Okawaru
  6778 | D:8      | Bought a potion of heal wounds for 70 gold pieces
  6778 | D:8      | Bought a potion of berserk rage for 70 gold pieces
  6778 | D:8      | Bought a potion of curing for 42 gold pieces
  6778 | D:8      | Bought a potion of curing for 42 gold pieces
  6893 | D:8      | Reached XP level 10. HP: 99/99 MP: 11/11
  6954 | D:8      | Noticed Pikel
  6959 | D:8      | Killed Pikel
  7024 | D:8      | Found Reri's Assorted Antiques.
  7027 | D:8      | Bought a scroll of identify for 50 gold pieces
  7048 | D:8      | Found Pouxoa's Jewellery Emporium.
  7072 | D:8      | Found a glowing golden altar of the Shining One.
  7414 | D:9      | Reached **** piety under Okawaru
  7499 | D:9      | Found a radiant altar of Vehumet.
  7826 | D:9      | Noticed an orange crystal statue
  7938 | D:9      | Noticed a two-headed ogre
  8827 | D:9      | Killed an orange crystal statue
  8943 | D:10     | Entered Level 10 of the Dungeon
  9160 | D:10     | Found a portal to a secret trove of treasure.
  9308 | D:10     | Found a runed translucent door.
  9309 | D:10     | Noticed Snarbu88's ghost (journeyman TrBe)
  9501 | D:10     | Found a sacrificial altar of Ru.
  9524 | D:10     | Reached ***** piety under Okawaru
  9556 | D:10     | Noticed a gargoyle
  9560 | D:10     | Killed a gargoyle
  9560 | D:10     | Received a gift from Okawaru
  9607 | D:10     | Noticed a red ugly thing
  9607 | D:10     | Noticed a green ugly thing
  9609 | D:10     | Noticed a cyan ugly thing
  9609 | D:10     | Noticed a brown ugly thing
  9620 | D:10     | Killed a green ugly thing
  9621 | D:10     | Killed a red ugly thing
  9622 | D:10     | Reached skill level 5 in Invocations
  9622 | D:10     | Killed a red ugly thing
  9623 | D:10     | Reached XP level 11. HP: 39/106 MP: 13/13
  9626 | D:10     | Killed a red ugly thing
  9626 | D:10     | Received a gift from Okawaru
  9832 | D:10     | Noticed a brown ugly thing
  9832 | D:10     | You fall into a shaft and drop 1 floor!
  9971 | D:10     | Noticed a cyan ugly thing
  9981 | D:10     | Killed a green ugly thing
  9985 | D:10     | Killed a brown ugly thing
 10121 | D:10     | Noticed a wizard
 10131 | D:10     | Killed a wizard
 10214 | D:10     | Noticed a red very ugly thing
 10214 | D:10     | Noticed a wizard
 10220 | Abyss:2  | Cast into level 2 of the Abyss (a wizard)
 10342 | Abyss:2  | Noticed a glowing orange brain
 10351 | Abyss:2  | Killed a glowing orange brain
 10361 | Abyss:2  | Noticed a tentacled starspawn
 10366 | Abyss:2  | Noticed a starcursed mass
 10371 | Abyss:2  | Reached skill level 10 in Fighting
 10472 | Abyss:2  | Found a corrupted altar of Lugonu.
 10489 | Abyss:2  | Noticed a wretched star
 10517 | Abyss:2  | Killed a wretched star
 10518 | Abyss:2  | Reached skill level 10 in Armour
 10518 | Abyss:2  | Noticed a tentacled starspawn
 10536 | Abyss:2  | Killed a tentacled starspawn
 10536 | Abyss:2  | Received a gift from Okawaru
 10537 | Abyss:2  | Reached skill level 10 in Shields
 10616 | Abyss:2  | Noticed a starcursed mass
 10670 | Abyss:2  | Noticed a flayed ghost
 10707 | Abyss:2  | HP: 1/110 [raiju (8)]
 10724 | Abyss:2  | Killed a flayed ghost
 10727 | D:10     | Escaped the Abyss
 10731 | D:10     | HP: 4/111 [starcursed mass/accursed screaming (6)]
 10742 | D:10     | HP: 5/111 [starcursed mass/accursed screaming (4)]
 10744 | D:10     | Killed from afar by a starcursed mass

Illustrated notes

Levels and vault maps discovered:
D:1:      ncdulo_wetmaze, layout_loops_cross, serial_shops, shop, shop,
          shop_statue
D:2:      layout_basic, basic_altar
D:3:      minmay_inner_zag, layout_basic, hex_tiny, uniq_ijyb
D:4:      layout_basic, led_xom_imps, uniq_edmund, uniq_robin
D:5:      layout_cave_pods, minmay_temple_entry_wispy, reono_crystal_passage,
          minmay_holes
D:6:      layout_loops_ring, nicolae_shop_i_like_big_books
D:7:      layout_basic, makhleb_blood_cavern_becter,
          nicolae_ossuary_entry_catacombs, uniq_maggie
D:8:      layout_cave_pools, nicolae_tso_swordbearing_angel, serial_shops,
          kennysheep_mini, kennysheep_mini_moat, nicolae_stop_n_shop_1,
          shop_fountains, sword_in_stone, uniq_grum, uniq_pikel
D:9:      layout_layer_cave, overflow_temple_1_default, minmay_statue_bubble
D:10:     cheibrodos_breeding_chamber, layout_basic,
          mainiacjoe_overflow_tiny_flanked, hiddenorc1_lemuel,
          gammafunk_ghost_grave, enter_trove_6
D:11:     layout_basic, erik_lair_island, serial_nicolae_subway,
          nicolae_sub_station_stone, nicolae_sub_station_metal,
          nicolae_sub_station_crystal, uniq_erica
Temple:   sentei_temple_godly_chess

Skill      XL: |  1  2  3  4  5  6  7  8  9 10 11 |
---------------+----------------------------------+-----
Dodging        | 1 2 3 4 5 6 7 8 |  8.7
Shields        | 4 5 6 7 8 9 10 | 10.2
Fighting       | 4 5 6 7 8 9 10 | 10.4
Armour         | 4 5 6 7 8 9 10 | 10.3
Axes           | 3 4 5 6 7 9 |  9.9
Invocations    | 1 3 5 6 |  6.1

Action                   |  1- 3 |  4- 6 |  7- 9 | 10-12 || total
-------------------------+-------+-------+-------+-------++-------
Melee: War axe           |    90 |   107 |   213 |   193 ||   603
       Headbutt          |     4 |    15 |    43 |    38 ||   100
  Use: Scroll            |     1 |     9 |    15 |    10 ||    35
       Potion            |       |     4 |     3 |    18 ||    25
Armor: Scale mail        |    43 |    44 |    66 |    67 ||   220
Dodge: Dodged            |    44 |    75 |   179 |   126 ||   424
Block: Buckler           |    24 |    29 |    38 |    61 ||   152

Table legend: (Time is in decaauts)
 A = Elapsed time spent in this place.
 B = Non-inter-level travel time spent in this place.
 C = Inter-level travel time spent in this place.
 D = Time resting spent in this place.
 E = Time spent auto-exploring this place.
 F = Levels seen in this place.
 G = Mean time per level.
                   A        B        C        D        E       F      G
               +--------+--------+--------+--------+--------+-----+--------+
         Total |  10949 |  10367 |    582 |    376 |   7912 |  14 |  782.1 |
       Dungeon |  10228 |   9650 |    578 |    320 |   7580 |  11 |  929.8 |
        Temple |     13 |      9 |      4 |      0 |      3 |   1 |   13.0 |
         Abyss |    509 |    509 |      0 |     56 |    291 |   1 |  509.0 |
       Ossuary |    197 |    197 |      0 |      0 |     38 |   1 |  197.0 |
               +--------+--------+--------+--------+--------+-----+--------+

Top non-repeatable levels by time:
     D:9: 1813 daAuts
    D:10: 1287 daAuts
     D:4: 1261 daAuts
     D:3: 1042 daAuts
     D:8: 984 daAuts
     D:5: 947 daAuts
     D:1: 910 daAuts
     D:6: 775 daAuts
     D:2: 615 daAuts
     D:7: 552 daAuts
 Abyss:2: 509 daAuts
 Ossuary: 197 daAuts
    D:11: 37 daAuts
  Temple: 13 daAuts
